Map: Chain of Ascension

Players

wasp

  • Race: Protoss Protoss

larsgj

  • Race: Terran Terran

VOD

Have the link to the VOD?

Description

Time

  • Played on: Oct. 21, 2018, 7:17 a.m.
  • Length: 26:16
Show
View Real Time Build Order
Export as new Build Order

wasp Protoss 

Build Orders:  

Get SALT Encoding   

  1  0:00  Probe x12 (Chrono Boost)  
    0:10  Unknown x2  
  12  0:28  Pylon  
  12  0:59  Pylon  
  12  1:06  Pylon  
  12  1:11  Gateway  
  12  1:32  Forge  
  12  2:06  Gateway  
  12  2:18  Zealot  
  14  2:37  Cybernetics Core  
  14  3:04  Zealot  
  14  3:06  Assimilator  
  16  4:10  Assimilator  
  16  4:16  Probe (Chrono Boost)  
  17  4:29  Probe (Chrono Boost)  
  17  4:31  Zealot x4  
  26  4:43  Probe (Chrono Boost)  
  27  4:57  Probe (Chrono Boost)  
  28  5:11  Probe (Chrono Boost)  
  29  6:16  Pylon  
  29  6:23  Twilight Council  
  29  6:43  Stargate  
  29  6:56  Photon Cannon  
  29  7:01  Photon Cannon  
  29  7:06  Photon Cannon  
  29  7:13  Photon Cannon  
  29  7:30  Pylon  
  29  8:24  Photon Cannon  
  29  8:33  Photon Cannon  
  29  8:42  Pylon  
  29  9:04  Photon Cannon  
  29  9:20  Templar Archives  
  23  10:22  High Templar x3  
  23  10:23  High Templar x2  
  23  10:27  Archon  
  23  10:29  Archon  
  33  10:36  High Templar  
  35  10:40  Archon  
  35  11:27  Fleet Beacon  
  35  11:52  Photon Cannon  
  35  11:59  Photon Cannon  
  35  12:42  Tempest  
  39  13:46  Disintegration  
  39  13:59  Phoenix  
  41  15:16  Double Graviton Beam  
  39  15:42  Phoenix  
  39  15:43  Phoenix x2  
  25  18:41  Tempest x2  
  25  18:42  Tempest  
  37  19:18  High Templar x2  
  41  19:37  Archon  
  37  21:53  Photon Cannon  
  37  21:56  Anion Pulse-Crystals  
  37  22:00  Photon Cannon  
  37  22:06  Photon Cannon  
  37  22:14  High Templar x3  
  37  22:15  High Templar  
  37  22:18  Archon  
  45  22:20  Archon  
  37  23:59  High Templar x2  
  41  24:02  Archon  
Show
View Real Time Build Order
Export as new Build Order

larsgj Terran 

Build Orders:  

Get SALT Encoding   

  1  0:00  Orbital Command, SCV x12  
    0:10  Unknown  
    0:14  SCV  
  13  0:30  Supply Depot  
  13  0:36  SCV  
  14  0:53  SCV  
  15  1:04  Barracks  
  15  1:13  SCV  
  16  1:23  Supply Depot  
  16  1:30  SCV  
  16  1:37  Marine  
  17  1:47  SCV, Marine  
  19  1:55  Barracks  
  20  2:04  SCV  
  21  2:20  Marine  
  21  2:21  SCV  
  21  2:28  Marine  
  23  2:38  SCV  
  23  2:39  Marine  
  25  2:40  Marine  
  27  2:50  Marine  
  27  2:54  Refinery  
  27  2:55  SCV  
  27  2:56  Refinery  
  27  2:58  Marine  
  29  3:01  Marine  
  31  3:20  Supply Depot  
  31  3:23  SCV  
  31  3:25  Supply Depot  
  32  3:38  Engineering Bay  
  32  3:43  Supply Depot  
  32  3:55  Barracks Tech Lab  
  32  3:58  Barracks Tech Lab  
  32  4:22  Medic  
  34  4:33  Marine  
  35  4:43  Medic  
  37  4:53  Marine  
  38  5:03  Marine  
  38  5:08  Unknown  
  39  5:53  SCV  
  39  5:59  Stabilizer Medpacks  
  40  6:02  Terran Infantry Weapons Level 1  
  40  6:08  Supply Depot  
  38  6:10  Marine, Medic, Supply Depot, SCV  
  40  6:11  Supply Depot  
  40  6:13  Supply Depot  
  44  6:20  Marine, Medic  
  47  6:30  Marine x2  
  49  6:40  Marine  
  50  6:50  Supply Depot  
  50  6:53  Supply Depot  
  50  6:55  Supply Depot  
  50  6:59  Marine  
  50  7:09  Marine  
  51  7:12  Marine  
  51  7:19  Marine  
  53  7:22  Marine  
  55  7:30  Marine  
  57  7:51  Marine  
  57  8:01  Medic  
  59  8:11  Medic  
  61  8:21  Marine  
  62  8:32  Medic  
  64  8:42  Terran Infantry Armor Level 1  
  64  9:05  Missile Turret  
  64  9:33  Missile Turret  
  64  9:44  Orbital Command  
  64  10:01  Missile Turret  
  64  10:31  Missile Turret  
  64  10:59  Missile Turret  
  64  11:02  Marine x2  
  66  11:12  Marine x2  
  68  11:22  Structure Armor, Marine x2  
  70  11:30  Missile Turret  
  70  11:32  Neosteel Frame, Marine x2  
  72  11:42  Marine  
  72  11:43  Marine  
  74  12:04  Missile Turret  
  74  12:36  Missile Turret  
  74  13:04  Missile Turret  
  74  13:18  SCV  
  75  13:33  Missile Turret  
  75  13:35  SCV  
  76  13:52  SCV  
  77  14:01  Factory  
  77  14:08  Command Center  
  77  14:09  SCV  
  78  14:18  Refinery  
  78  14:26  SCV  
  78  14:27  Refinery  
  78  15:36  Marine x2  
  80  15:46  Marine x2  
  82  15:56  Medic x2  
  84  16:06  Medic x2  
  87  16:16  Marine  
  87  16:17  Marine  
  89  16:20  SCV  
  90  16:35  SCV  
  90  16:37  SCV  
  92  16:46  Marine  
  92  16:47  Missile Turret  
  93  16:52  SCV  
  93  16:54  SCV  
  93  16:56  Marine  
  96  17:06  Marine  
  96  17:09  SCV  
  98  17:11  SCV  
  98  17:16  Marine  
  98  17:17  Missile Turret  
  98  17:19  Armory  
  100  17:26  SCV  
  100  17:28  SCV  
  102  17:31  Starport  
  102  17:39  Marine  
  102  17:40  Marine  
  102  17:43  SCV  
  102  17:45  SCV  
  102  17:46  Missile Turret  
  103  17:50  Medic x2  
  100  18:00  Marine, Medic  
  100  18:01  SCV  
  104  18:10  Marine x2  
  106  18:20  Medic x2  
  110  18:37  Orbital Command  
  110  19:02  Starport, Starport Tech Lab  
  110  19:07  Fusion Core, Terran Infantry Weapons Level 2  
  110  19:23  Starport  
  109  19:40  SCV  
  110  19:54  Supply Depot  
  110  19:56  Supply Depot  
  110  19:57  SCV  
  110  19:58  Supply Depot x2  
  110  19:59  Supply Depot  
  111  20:02  Supply Depot  
  111  20:03  Supply Depot  
  111  20:04  Supply Depot  
  111  20:06  Supply Depot  
  111  20:09  Starport Tech Lab  
  111  20:14  SCV  
  112  20:22  Battlecruiser, Weapon Refit  
  118  20:31  SCV  
  118  20:34  Starport Tech Lab  
  119  20:48  SCV  
  120  21:05  Battlecruiser  
  126  21:33  Battlecruiser  
  126  21:34  Battlecruiser  
  138  21:48  Battlecruiser  
  138  21:57  Supply Depot  
  144  22:16  Battlecruiser x2  
  144  22:17  Terran Infantry Armor Level 2  
  156  22:54  Battlecruiser  
  156  22:58  Battlecruiser  
  156  22:59  Battlecruiser  
  174  23:36  Battlecruiser  
Tags
 
Add a new tag
Caveats
  • Supply blocks, unpowered buildings, or Contaminate may cause inaccurate times.
  • Supply counts are checked every 10 seconds.